Map: Deathaura LE

Players

Rail - Winner!

  • Race: Protoss Protoss
  • League: Grandmaster
  • Spawn Location: 11:00

GOStephano (Stephano)

  • Race: Zerg Zerg
  • League: Grandmaster
  • Spawn Location: 5:00

Event: DreamHack SC2 Masters 2020 Summer Europe

VOD

Have the link to the VOD?

Description

Time

  • Played on: July 3, 2020, 12:09 p.m.
  • Length: 17:00

All games in this series

Show
View Real Time Build Order
Export as new Build Order

Rail Protoss - Winner!

Build Orders: 1 Gate Expand, Zealot Archon, Colossus Rush 

Get SALT Encoding   

  12  0:00  Probe  
  13  0:12  Probe  
  14  0:19  Pylon  
  14  0:24  Probe  
  15  0:33  Probe  
  15  0:37  Gateway  
  15  0:41  Probe  
  16  0:46  Assimilator  
  17  0:52  Probe  
  19  1:04  Probe  
  19  1:16  Probe  
  20  1:23  Nexus  
  20  1:34  Cybernetics Core  
  20  1:35  Probe  
  21  1:42  Assimilator  
  21  1:47  Probe  
  21  1:50  Pylon  
  22  1:55  Probe  
  23  2:04  Probe  
  23  2:14  Robotics Facility  
  24  2:16  Adept  
  24  2:18  Probe  
  24  2:22  Warp Gate  
  27  2:26  Probe  
  27  2:31  Probe  
  27  2:35  Probe  
  29  2:40  Probe  
  31  2:46  Stalker  
  31  2:47  Probe  
  31  2:50  Probe  
  34  2:53  Pylon  
  35  2:58  Observer  
  35  2:59  Probe  
  35  3:02  Probe  
  38  3:11  Probe  
  38  3:12  Shield Battery  
  39  3:13  Immortal  
  39  3:17  Probe  
  44  3:22  Gateway  
  44  3:25  Probe  
  45  3:33  Robotics Bay  
  45  3:34  Probe  
  46  3:37  Probe  
  49  3:46  Probe  
  48  3:49  Warp Prism  
  48  3:53  Assimilator, Pylon  
  50  3:56  Assimilator, Probe  
  50  3:58  Probe  
  50  4:02  Pylon  
  52  4:04  Gravitic Drive  
  52  4:08  Probe  
  53  4:10  Probe  
  54  4:17  Disruptor  
  54  4:18  Gateway  
  54  4:19  Gateway  
  54  4:23  Probe  
  55  4:28  Probe  
  59  4:34  Sentry  
  61  4:38  Pylon  
  61  4:41  Zealot  
  63  4:46  Nexus  
  63  4:49  Probe x2  
  65  4:54  Pylon  
  65  4:57  Sentry  
  65  4:59  Shield Battery  
  67  5:01  Probe  
  67  5:03  Zealot  
  67  5:05  Probe  
  71  5:08  Pylon  
  71  5:13  Zealot  
  71  5:14  Probe  
  74  5:15  Sentry  
  74  5:17  Probe  
  77  5:26  Probe  
  78  5:29  Gateway, Observer, Probe  
  78  5:31  Gateway  
  80  5:36  Sentry  
  80  5:37  Stalker  
  80  5:38  Probe  
  80  5:41  Probe  
  86  5:45  Stalker  
  86  5:47  Sentry  
  86  5:49  Colossus  
  90  5:50  Probe  
  90  5:53  Probe  
  90  5:56  Pylon  
  92  5:57  Probe  
  92  6:02  Probe  
  100  6:06  Probe  
  100  6:07  Probe  
  100  6:08  Twilight Council  
  100  6:09  Extended Thermal Lance  
  102  6:14  Probe  
  102  6:16  Assimilator  
  102  6:18  Probe  
  104  6:19  Probe  
  104  6:20  Assimilator  
  104  6:24  Pylon  
  105  6:26  Probe  
  105  6:30  Forge, Probe  
  105  6:31  Probe  
  108  6:33  Gateway  
  108  6:35  Gateway  
  108  6:37  Gateway  
  108  6:40  Protoss Ground Weapons Level 1  
  108  6:43  Charge  
  108  6:45  Colossus  
  114  6:49  Probe  
  114  6:51  Pylon  
  114  6:54  Pylon  
  115  7:12  Templar Archives  
  115  7:14  Gateway  
  115  7:15  Gateway  
  115  7:16  Stalker  
  115  7:22  Pylon  
  117  7:30  Immortal  
  117  7:31  Stalker x4  
  117  7:36  Pylon  
  125  7:38  Pylon  
  125  7:40  Pylon  
  125  7:43  Pylon  
  129  7:44  Pylon  
  129  7:50  High Templar x2  
  133  7:53  Nexus  
  133  7:55  Photon Cannon, Probe x3  
  133  7:56  Shield Battery  
  133  7:58  High Templar x2  
  140  7:59  Archon  
  140  8:02  Zealot  
  140  8:03  Archon  
  142  8:10  Immortal  
  142  8:15  Probe  
  142  8:19  Zealot x3  
  153  8:24  High Templar x2, Zealot x3  
  163  8:28  Probe  
  163  8:29  Pylon  
  163  8:31  Protoss Ground Weapons Level 2  
  164  8:37  High Templar  
  164  8:38  High Templar  
  164  8:39  Zealot  
  170  8:42  Zealot x3  
  170  8:43  Archon  
  170  8:46  Archon, Zealot x2  
  180  8:49  Probe  
  181  9:02  Zealot x4  
  189  9:04  Psionic Storm  
  189  9:10  Assimilator x2  
  189  9:26  Zealot  
  189  9:27  Zealot x5  
  189  9:29  Archon x3  
  199  9:31  Blink  
  199  9:33  Zealot  
  179  9:48  Stalker, Zealot  
  179  9:49  Zealot x7  
  193  9:55  High Templar x2  
  197  10:00  Archon  
  197  10:01  Warp Prism  
  193  10:18  Stalker, Zealot x3  
  193  10:19  Zealot x5  
  122  10:37  Immortal  
  122  10:38  High Templar x2  
  118  10:44  High Templar  
  118  10:45  High Templar, Zealot x7  
  130  11:01  High Templar x2  
  130  11:02  Gateway x2  
  130  11:03  High Templar  
  130  11:04  High Templar, Zealot  
  138  11:06  Immortal, Archon, High Templar x2  
  138  11:07  Zealot  
  138  11:08  Archon  
  146  11:12  Archon, High Templar x2  
  146  11:17  Zealot  
  154  11:22  Stalker  
  156  11:28  Stalker  
  158  11:34  Immortal  
  158  11:37  Archon x2  
  158  11:38  Protoss Ground Weapons Level 3  
  158  11:39  Stalker, Zealot x4  
  136  11:41  Zealot x2  
  136  11:51  High Templar  
  136  11:52  High Templar  
  140  11:58  Sentry, Zealot x3  
  140  12:01  Zealot x3  
  152  12:04  Disruptor, Zealot x2  
  158  12:09  Zealot x2  
  165  12:20  High Templar x2, Zealot  
  171  12:24  High Templar x2, Zealot  
  171  12:25  Archon  
  171  12:29  Archon, Zealot x2  
  181  12:36  Stalker, Zealot x2  
  181  12:37  Zealot x2  
  185  12:41  Zealot  
  181  12:46  Zealot  
  167  12:51  Zealot x2  
  167  12:52  Immortal  
  167  12:54  Probe  
  167  12:55  Probe  
  165  13:04  High Templar x2  
  165  13:05  High Templar x2, Zealot x2  
  175  13:06  Probe  
  175  13:07  Probe  
  175  13:09  Archon  
  175  13:10  Archon  
  175  13:11  Probe  
  178  13:14  Zealot  
  178  13:19  High Templar, Probe  
  183  13:20  High Templar, Zealot x3  
  183  13:22  Probe  
  183  13:23  Probe  
  183  13:24  Archon  
  183  13:25  Probe  
  183  13:26  Warp Prism  
  194  13:34  Zealot x2  
  194  13:49  Stalker x2  
  194  13:50  Stalker  
  194  13:52  Photon Cannon  
  192  14:03  Stalker, Zealot  
  192  14:04  Zealot x2  
  192  14:06  Zealot  
  196  14:12  Stalker  
  186  14:19  Stalker  
  186  14:20  Zealot x4  
  180  14:28  Stalker, Zealot x2  
  180  14:29  Zealot  
  178  14:33  Zealot  
  178  14:36  Protoss Shields Level 1  
  173  14:43  High Templar x3  
  173  14:44  High Templar x3  
  173  14:45  High Templar x2  
  185  14:49  Archon x3  
  176  15:39  Nexus  
  164  16:00  Probe  
Show
View Real Time Build Order
Export as new Build Order

GOStephano Zerg 

Build Orders: Hatch First, Brood Lord Corruptor 

Get SALT Encoding   

  12  0:00  Drone  
  13  0:12  Overlord  
  13  0:17  Drone  
  14  0:30  Drone x2  
  16  0:47  Hatchery  
  15  0:51  Drone  
  15  0:53  Drone  
  17  0:57  Drone  
  18  1:08  Extractor  
  17  1:12  Spawning Pool  
  17  1:15  Drone  
  17  1:18  Drone  
  18  1:28  Drone  
  19  1:38  Drone  
  20  1:49  Drone  
  21  1:59  Queen x2  
  21  2:00  Zergling x4  
  27  2:09  Drone  
  27  2:10  Overlord  
  28  2:19  Metabolic Boost  
  28  2:27  Hatchery  
  27  2:30  Drone  
  27  2:32  Drone  
  29  2:39  Queen  
  29  2:42  Drone  
  29  2:44  Drone  
  33  2:50  Overlord  
  33  2:53  Drone  
  33  2:57  Drone x2  
  36  3:06  Overlord  
  36  3:10  Drone x2  
  36  3:11  Drone x2  
  40  3:14  Drone  
  41  3:20  Queen  
  41  3:23  Drone  
  41  3:25  Overlord  
  44  3:40  Drone  
  45  3:43  Drone x4  
  45  3:44  Drone x4  
  53  3:51  Evolution Chamber  
  52  3:56  Drone x2  
  52  3:57  Roach Warren, Drone x3  
  52  3:59  Queen  
  58  4:04  Overlord  
  58  4:14  Spore Crawler  
  58  4:15  Drone  
  58  4:16  Zerg Melee Weapons Level 1  
  58  4:18  Extractor  
  58  4:20  Drone  
  58  4:22  Overlord  
  58  4:30  Drone  
  58  4:31  Drone x2  
  61  4:32  Overlord, Zergling x10  
  66  4:44  Overlord  
  65  4:46  Drone  
  65  4:49  Drone x2  
  65  4:51  Lair  
  68  4:56  Drone x3  
  68  4:58  Roach x4, Extractor  
  78  5:04  Overlord  
  78  5:09  Drone x4  
  82  5:17  Spore Crawler  
  74  5:27  Extractor  
  74  5:28  Drone x3, Extractor  
  75  5:29  Drone x3  
  75  5:32  Roach x8  
  94  5:40  Hatchery  
  93  5:46  Baneling Nest  
  92  5:51  Zergling x4  
  92  5:52  Zergling x6  
  92  5:53  Glial Reconstitution  
  92  5:54  Overlord  
  97  5:57  Overlord  
  97  6:00  Overlord x3  
  97  6:09  Overlord  
  97  6:10  Overseer  
  97  6:11  Overlord  
  97  6:19  Zerg Melee Weapons Level 2  
  97  6:20  Drone x4  
  97  6:24  Extractor  
  100  6:26  Drone x2  
  100  6:27  Drone x4  
  100  6:32  Centrifical Hooks  
  106  6:34  Zergling x8  
  106  6:36  Overlord  
  110  6:40  Drone x3  
  113  6:53  Hatchery, Drone  
  113  6:54  Drone x5  
  115  7:09  Drone x4  
  115  7:11  Roach x5  
  129  7:15  Spore Crawler  
  129  7:19  Zergling x12  
  133  7:33  Zergling x18  
  133  7:36  Infestation Pit  
  141  7:39  Extractor  
  141  7:40  Overlord x2  
  141  7:41  Pneumatized Carapace, Overlord, Extractor  
  141  7:44  Ravager x3  
  141  7:45  Baneling x9  
  141  7:50  Zergling x14  
  148  8:09  Zergling x30  
  161  8:23  Drone x5  
  166  8:33  Drone x4  
  170  8:35  Zerg Ground Armor Level 1  
  170  8:39  Hive  
  170  8:40  Spire  
  169  8:42  Roach x12  
  169  8:43  Overlord x2  
  169  8:48  Evolution Chamber  
  192  8:55  Zergling x10  
  197  9:01  Spore Crawler  
  197  9:02  Baneling x14  
  196  9:05  Baneling  
  196  9:06  Baneling x10  
  196  9:07  Drone x3  
  199  9:22  Hatchery  
  195  9:24  Zergling x10  
  195  9:25  Hatchery  
  195  9:31  Zergling x4  
  200  9:32  Baneling  
  200  9:33  Baneling x21  
  200  9:37  Zergling x2  
  200  9:38  Zergling x8  
  181  9:47  Zergling x28  
  194  9:54  Baneling x5  
  194  9:55  Baneling x9  
  194  9:57  Zergling x10  
  194  9:59  Greater Spire  
  199  10:03  Zerg Melee Weapons Level 3  
  199  10:12  Zergling x14  
  149  10:26  Roach x7  
  122  10:40  Roach x10  
  130  10:45  Zergling x4  
  121  10:50  Zergling x4  
  121  10:51  Zergling x16  
  121  10:52  Zergling x4  
  121  10:55  Ravager x2  
  121  10:56  Ravager x2  
  137  11:01  Adrenal Glands  
  137  11:03  Roach x3  
  137  11:04  Roach x3  
  149  11:06  Baneling x4  
  149  11:11  Baneling x15  
  148  11:13  Zergling x6  
  148  11:24  Zergling x8  
  150  11:33  Hatchery  
  150  11:34  Zergling x18  
  148  11:42  Roach  
  148  11:43  Roach x6  
  158  11:47  Baneling x2  
  158  11:48  Baneling x7  
  158  11:49  Zergling x6  
  161  11:55  Baneling x8  
  161  11:56  Baneling x4, Zergling x4  
  163  12:10  Zergling x24  
  163  12:12  Queen  
  177  12:22  Zergling x2  
  177  12:23  Zergling x14  
  177  12:27  Baneling x2  
  181  12:39  Roach x10  
  194  12:50  Zergling x14  
  199  12:58  Zergling x12  
  196  13:02  Baneling x8  
  196  13:03  Baneling x11  
  192  13:10  Zerg Ground Armor Level 2  
  192  13:11  Overlord  
  192  13:16  Hatchery  
  188  13:31  Corruptor  
  188  13:32  Corruptor x3  
  188  13:33  Hatchery  
  183  13:43  Corruptor  
  183  13:44  Corruptor x4  
  179  13:49  Zergling x10  
  165  14:21  Brood Lord x4, Corruptor x2  
  165  14:22  Corruptor x2  
  167  14:25  Zergling x20  
  155  14:41  Brood Lord x3  
  155  14:44  Overlord  
  145  14:53  Overlord x2  
  109  15:30  Ravager x6  
Tags
 
Add a new tag
Caveats
  • Supply blocks, unpowered buildings, or Contaminate may cause inaccurate times.
  • Supply counts are checked every 10 seconds.